 Dungeon Crawl Stone Soup version 0.28-a0-1199-gef9e1dbd39 (webtiles) character file.

Game seed: 10250722583774553414

23 enile the Changer (level 2, -3/18 HPs)
             Began as a Demonspawn Wanderer on Dec 19, 2021.
             Was a Follower of Vehumet.
             Slain by a gnoll (5 damage)
             ... on level 2 of the Dungeon.
             The game lasted 00:03:30 (1975 turns).

enile the Changer (Demonspawn Wanderer)             Turns: 1975, Time: 00:03:30

Health: -3/18      AC:  2    Str:  9    XL:     2   Next: 72%
Magic:  1/3        EV: 11    Int: 15    God:    Vehumet [*.....]
Gold:   60         SH:  4    Dex: 13    Spells: 1/3 levels left

rFire   . . .      SeeInvis +   a - +0 dagger
rCold   . . .      Faith    .   b - +0 buckler
rNeg    . . .      Spirit   .   c - +0 robe
rPois   .          Reflect  .   (helmet currently unavailable)
rElec   .          Harm     .   (no cloak)
rCorr   .          Rampage  .   (no gloves)
Will    .....                   (boots currently unavailable)
Stlth   +.........              (no amulet)
HPRegen 0.06/turn               (no ring)
MPRegen 0.08/turn               (no ring)

@: appendages, unable to read
A: talons 2, antennae 1, see invisible, frail 1, inability to read while
threatened
a: End Transformation, Renounce Religion


You were on level 2 of the Dungeon.
You worshipped Vehumet.
Vehumet was aware of your devotion.
You had temporarily grown beastly talons.
You visited 1 branch of the dungeon, and saw 3 of its levels.

You collected 60 gold pieces.

Inventory:

Hand Weapons
 a - a +0 dagger (weapon)
Armour
 b - a +0 buckler (worn)
 c - a +0 robe (worn)
Jewellery
 d - a ring of protection from cold


   Skills:
 + Level 1.2 Fighting
 - Level 1.0 Throwing
 - Level 2.6 Shields
 - Level 1.0 Unarmed Combat
 - Level 1.0 Spellcasting
 - Level 4.0 Transmutations
 - Level 1.0 Evocations


You had one spell level left.
You knew the following spells:

 Your Spells              Type           Power      Damage    Failure   Level
a - Beastly Appendage     Tmut           24%        N/A       5%          1
b - Sandblast             Erth           0%         2d4       28%         1

Your spell library contained the following spells:

 Spells                   Type           Power      Damage    Failure   Level
 Passwall                 Tmut/Erth      5%         N/A       19%         2
 Spider Form              Tmut/Pois      6%         N/A       36%         3
 Sublimation of Blood     Necr           0%         N/A       41%         2
 Petrify                  Tmut/Erth      6%         N/A       77%         4
 Irradiate                Conj/Tmut      3%         3d14      98%         5


Dungeon Overview and Level Annotations

Branches:
Dungeon (3/15)

Altars:
Vehumet


Innate Abilities, Weirdness & Mutations

You have temporarily grown beastly talons.
You have a pair of small antennae on your head.
You have supernaturally acute eyesight. (SInv)
You are frail. (-10% HP)
You sometimes lose the ability to read scrolls when taking damage.


Message History

The hobgoblin is lightly wounded.
The hobgoblin barely misses you.
You closely miss the hobgoblin.
The hobgoblin is lightly wounded.
The hobgoblin hits you.
You barely miss the hobgoblin.
The hobgoblin is lightly wounded.
The hobgoblin barely misses you.
You hit the hobgoblin.
The hobgoblin is severely wounded.
The hobgoblin closely misses you.
You completely miss the hobgoblin.
The hobgoblin is severely wounded.
The hobgoblin barely misses you.
You hit the hobgoblin.
You kill the hobgoblin!
Vehumet accepts your kill.
You see here a hobgoblin corpse.
There is a stone staircase leading up here.
You start resting.
HP restored.
Casting: Beastly Appendage (safe; 5% risk of failure)
Confirm with . or Enter, or press ? or * to list all spells.
Your feet morph into talons.
Casting: Beastly Appendage (safe; 5% risk of failure)
Confirm with . or Enter, or press ? or * to list all spells.
You extend your transformation's duration.
You climb upwards.
The gnoll barely misses you. The gnoll hits you with a +0 spear!
There is a stone staircase leading down here.
You hit the gnoll.
The gnoll is lightly wounded.
The gnoll hits you with a +0 spear!
You feel threatened and lose the ability to read scrolls!
* * * LOW HITPOINT WARNING * * *
Okay, then.
You hit the gnoll but do no damage.
The gnoll is lightly wounded.
The gnoll hits you with a +0 spear.
You die...

### ... ### ..#
#@+ ...# #g# ...#
#K#########..S###
#gg..Kg.g........
#########g.....#
#.....gg.......+
#..g#####......#
#...# ###+##.#
... #...# #


You could see 3 gnolls and a kobold.

Vanquished Creatures
  A dart slug (D:1)
  6 endoplasms
  A hobgoblin (D:3)
  3 jackals (D:1)
  2 kobolds (D:1)
  A ball python (D:1)
  3 bats
  A frilled lizard (D:1)
18 creatures vanquished.

Vanquished Creatures (others)
  3 plants (D:3)
3 creatures vanquished.

Grand Total: 21 creatures vanquished

Notes
Turn   | Place    | Note
-------+----------+-------------------------------------------
     0 | D:1      | enile the Demonspawn Wanderer began the quest for the Orb.
     0 | D:1      | enile set off with the following items: a +0 dagger, a +0
                  | buckler, a +0 robe, a potion of lignification; and the
                  | following spell memorised: Beastly Appendage; and the
                  | following spells available to memorise: Passwall, Spider
                  | Form
     0 | D:1      | Reached XP level 1. HP: 13/13 MP: 2/2
   240 | D:1      | Reached skill level 1 in Fighting
   530 | D:1      | Reached skill level 1 in Unarmed Combat
   539 | D:1      | Lost mutation: You have a pair of horns on your head.
                  | [demonic ancestry]
   539 | D:1      | Lost mutation: You have a pair of small horns on your head.
                  | [demonic ancestry]
   539 | D:1      | Gained mutation: You have a pair of small antennae on your
                  | head. [demonic ancestry]
   539 | D:1      | Reached XP level 2. HP: 18/21 MP: 1/3
   868 | D:1      | Gained mutation: You have supernaturally acute eyesight.
                  | (SInv) [potion of mutation]
   868 | D:1      | Gained mutation: You have hidden genetic defects. [potion
                  | of mutation]
  1151 | D:1      | Found a faded altar of an unknown god.
  1163 | D:1      | Prayed at the altar of an unknown god.
  1163 | D:1      | Became a worshipper of Vehumet
  1163 | D:1      | Reached * piety under Vehumet
  1163 | D:1      | Offered knowledge of Sandblast by Vehumet.
  1172 | D:1      | Gained mutation: You are frail. (-10% HP) [hidden defects]
  1271 | D:1      | Learned a level 1 spell: Sandblast
  1674 | D:2      | Reached skill level 4 in Transmutations
  1678 | D:2      | Gained mutation: You sometimes lose the ability to read
                  | scrolls when taking damage. [hidden defects]
  1678 | D:2      | Lost mutation: You have hidden genetic defects. [hidden
                  | defects expressed]
  1975 | D:2      | Slain by a gnoll

Illustrated notes

Levels and vault maps discovered:
D:1:      amcnicky_arrival_gap_in_the_tavern_cellar, layout_loops_ring,
          serial_forest, infiniplex_forest_clump_long,
          infiniplex_forest_clump_small, infiniplex_forest_clump_small,
          infiniplex_forest_clump_cross, infiniplex_forest_lined_corner,
          infiniplex_forest_clump_medium, infiniplex_forest_lined_corner,
          infiniplex_forest_straight_2, infiniplex_forest_lined_room_2,
          infiniplex_forest_lined_ring, hellmonk_ecumenical_altar_slurped_away
D:2:      kennysheep_big_flooded_room, layout_basic, basic_altar
D:3:      layout_basic, chequers_big_river, chequers_serial_rivers_large_a,
          serial_bayou_pond_c

Skill      XL: |  1  2 |
---------------+-------+-----
Fighting       | 1 |  1.2
Unarmed Combat | 1 |  1.0
Transmutations | 4 |  4.0
Throwing       | |  1.0
Shields        | |  2.6
Spellcasting   | |  1.0
Evocations     | |  1.0

Action                   || total
-------------------------++-------
Melee: Dagger            ||    98
       Kick              ||    11
       Headbutt          ||     5
 Cast: Beastly Appendage ||    18
  Use: Scroll            ||     2
       Potion            ||     2
Armor: Robe              ||    24
       Skin              ||    48
Dodge: Dodged            ||    84
Block: Buckler           ||    37

Table legend: (Time is in decaauts)
 A = Elapsed time spent in this place.
 B = Non-inter-level travel time spent in this place.
 C = Inter-level travel time spent in this place.
 D = Time resting spent in this place.
 E = Time spent auto-exploring this place.
 F = Levels seen in this place.
 G = Mean time per level.
                   A        B        C        D        E       F      G
               +--------+--------+--------+--------+--------+-----+--------+
         Total |   1978 |   1952 |     26 |    258 |   1427 |   3 |  659.3 |
       Dungeon |   1978 |   1952 |     26 |    258 |   1427 |   3 |  659.3 |
               +--------+--------+--------+--------+--------+-----+--------+

Top non-repeatable levels by time:
     D:1: 1628 daAuts
     D:3: 280 daAuts
     D:2: 69 daAuts
